 Dungeon Crawl Stone Soup version 0.32-a0-43-g058985b245 (webtiles) character file.

Game seed: 8700146518578471645

408 MagusOfTheMoon the Magician (level 6, 0/41 HPs)
             Began as a Mummy Earth Elementalist on Feb 4, 2024.
             Slain by a gnoll
             ... wielding a +0 club
             ... led by a gnoll bouda
              (4 damage)
             ... on level 4 of the Dungeon.
             The game lasted 00:03:37 (3322 turns).

MagusOfTheMoon the Magician (MuEE)                  Turns: 3322, Time: 00:03:38

Health: 0/41       AC:  2    Str: 12    XL:     6   Next: 57%
Magic:  12/12      EV: 12    Int: 22    God:
Gold:   221        SH:  0    Dex: 12    Spells: 9/13 levels left

rFire   x . .        b - +0 rapier
rCold   + . .        (no shield)
rNeg    + + +        a - +0 robe
rPois   ∞            (no helmet)
rElec   .            (no cloak)
rCorr   .            (no gloves)
SInv    .            (no boots)
Will    .....        (no amulet)
Stlth   ++           I - +6 ring of intelligence
HPRegen 0.26/turn    (no ring)
MPRegen 0.13/turn

%: faith
@: about to teleport, weakened
A: cold resistance 1, negative energy resistance 3, torment resistance 2, heat
vulnerability 1, in touch with death 1, no potions, faith
a: no special abilities


You were on level 4 of the Dungeon.
You visited 1 branch of the dungeon, and saw 4 of its levels.

You collected 221 gold pieces.


Innate Abilities, Weirdness & Mutations

You are immune to poison.
Your flesh is cold resistant. (rC+)
You are immune to negative energy. (rN+++)
You are immune to unholy pain and torment.
You are vulnerable to heat. (rF-)
You are in touch with the powers of death.
You do not drink.
You have a special connection with the divine. (Faith)


   Skills:
 - Level 1.5 Dodging
 - Level 1.5 Stealth
 + Level 4.4 Spellcasting
 * Level 3.5 Conjurations
 * Level 4.3 Earth Magic


You had 9 spell levels left.
You knew the following spells:

 Your Spells              Type           Power      Damage    Failure   Level
a - Stone Arrow           Conj/Erth      44%        3d9       6%          3
s - Sandblast             Erth           48%        2d12      1%          1

Your spell library contained the following spells:

 Spells                   Type           Power      Damage    Failure   Level
 Passwall                 Erth           24%        N/A       5%          3
 Brom's Barrelling Bould  Conj/Erth      22%        2d4       22%         4
 Petrify                  Alch/Erth      14%        N/A       41%         4

Inventory:

Hand Weapons
 b - a +0 rapier (weapon)
   (You found it on level 1 of the Dungeon)
Armour
 a - a +0 robe (worn)
Jewellery
 I - a +6 ring of intelligence (left hand)
   (You found it on level 2 of the Dungeon)
Wands
 i - a wand of flame (41)
   (You took it off Jessica on level 3 of the Dungeon)
Scrolls
 c - 4 scrolls of revelation {unknown}
 e - a scroll of identify {unknown}
 g - a scroll of summoning {unknown}
 h - a scroll of fog {unknown}
 j - a scroll of amnesia {unknown}

Dungeon Overview and Level Annotations

Branches:
Dungeon (4/15)
 Temple: D:4-7

Altars:
Qazlal

Annotations:
D:3 1 runed translucent door, Crazy Yiuf

######.............g.gg##.#.#..#
...# #.....####.#.####.##.#.#..##
...# #.....####.#.# #g##.#.#....
...# #............# #g##.#.#....
...# #............# #.#..#.#....
...# #............####†##.#.#<...
...# ####.........#....g..#.###).
...# #.......g.g.#....g.<#......
...# #.....g.g.@.#.....#######..
...####......####.#...........###
.............# .#.....#####....
........#.#### ........# #....
........#.# ........# ###....
........#.# ........# #......
........#.# ........# #.##...
........#.# ........# #......
......... ....... #####...


You could see a gnoll bouda and 3 gnolls.


Message History

You can't see any susceptible monsters within range! (Use Z to cast anyway.) Key pressed, stopping explore.
An orc comes into view. It is wielding a +0 club. 😎 MP[+1]
Your mp is fully restored (12).
An orc is nearby!
An orc is nearby!
Unknown command.
The orc shouts!
The blast of sand hits the orc!!
You kill the orc! 😎 MP[-1]
You lost 1 mp, and now have 11/12 mp.
You can't see any susceptible monsters within range! (Use Z to cast anyway.)
Found a stone staircase leading down. 😎 MP[+1]
Your mp is fully restored (12).
A howler monkey comes into view.
A howler monkey is nearby!
Unknown command.
The blast of sand hits the howler monkey! 😎 MP[-1]
You lost 1 mp, and now have 11/12 mp.
The blast of sand hits the howler monkey!!
You kill the howler monkey! 😎 MP[-1]
You lost 1 mp, and now have 10/12 mp.
You can't see any susceptible monsters within range! (Use Z to cast anyway.) Key pressed, stopping explore.
c - 4 scrolls labelled LODDIPEZIWN (gained 1) Key pressed, stopping explore.
A gnoll is nearby!
A gnoll is nearby! 😎 MP[+2]
Your mp is fully restored (12).
A gnoll is nearby!
Unknown command.
The gnoll shouts!
You hear a shout!
The blast of sand hits the gnoll!
The gnoll bouda shouts! 😎 MP[-1]
You lost 1 mp, and now have 11/12 mp.
The blast of sand misses the gnoll.
The gnoll bouda barks out a call to the hunt!
The gnolls pick up the pace! 😎 MP[-1]
You lost 1 mp, and now have 10/12 mp.
The gnoll attacks as it pursues you! The gnoll hits you with a +0 club.
The gnoll completely misses you. 😕 HP[-5]
You take 5 damage, and now have 36/41 hp.
The gnoll attacks as it pursues you!
The gnoll barely misses you. x2 😕 HP[+1]
The gnoll attacks as it pursues you!
The gnoll hits you but does no damage. 😕 MP[+1]
The gnoll hits you with a +0 club. 😕 HP[-4]
You take 4 damage, and now have 33/41 hp. 😕 HP[+1]
The gnoll bouda gazes fiercely through you!
You feel your attacks grow feeble. The gnoll attacks as it pursues you!
The gnoll hits you with a +0 club.
The gnoll hits you from afar with a +0 spear. 😮 HP[-6]
You take 6 damage, and now have 28/41 hp.
The gnoll attacks as it pursues you!
The gnoll hits you from afar with a +2 spear of freezing.
The gnoll freezes you. The gnoll hits you with a +0 club!
* * * LOW HITPOINT WARNING * * *
The gnoll attacks as it pursues you! The gnoll misses you. 😨 HP[-14]
You take 14 damage, and now have 14/41 hp.
MASSIVE DAMAGE!! (PAUSE)
The gnoll bouda gazes fiercely through you!
You feel as though you will be weak longer.
The gnoll hits you from afar with a +2 spear of freezing.
* * * LOW HITPOINT WARNING * * *
😱 HP[-4]
You take 4 damage, and now have 10/41 hp.
The gnoll attacks as it pursues you!
The gnoll hits you from afar with a +2 spear of freezing.
* * * LOW HITPOINT WARNING * * *
The gnoll freezes you.
* * * LOW HITPOINT WARNING * * *
😱 HP[-7]
You take 7 damage, and now have 3/41 hp.
As you read the scroll labelled EJUIFO ZYATEB, it crumbles to dust.
You hear a loud clanging noise!
It was a scroll of noise.
You hear an angry hiss.
The gnoll closely misses you. The gnoll misses you.
The gnoll barely misses you. 😱 MP[+1]
Your mp is fully restored (12).
Unknown command.
As you read the scroll labelled ZADIPO PIDGHUC INE, it crumbles to dust.
You feel strangely unstable.
It was a scroll of teleportation.
The gnoll is no longer moving quickly.
The gnoll hits you with a +0 club.
You die...

Skill      XL: |  1  2  3  4 |
---------------+-------------+-----
Conjurations   | 1 2 3 |  3.5
Spellcasting   | 3 4 |  4.4
Earth Magic    | 3 4 |  4.3
Dodging        | |  1.5
Stealth        | |  1.5

Action                     |  1- 3 |  4- 6 || total
---------------------------+-------+-------++-------
  Melee: Unarmed           |    17 |       ||    17
         Rapier            |       |     5 ||     5
   Cast: Sandblast         |    64 |    52 ||   116
         Stone Arrow       |       |     3 ||     3
    Use: Scroll            |       |     2 ||     2
 Armour: Robe              |    30 |    29 ||    59
  Dodge: Dodged            |    25 |    21 ||    46

Levels and vault maps discovered:
D:1:      dpeg_arrival_subterranean_lakeside_camping, layout_basic
D:2:      layout_rooms
D:3:      layout_loops_corners, grunt_qazlal_sundering, grunt_decor_fettered,
          hangedman_decor_growths, minmay_circle_x, uniq_jessica, uniq_sigmund,
          uniq_crazy_yiuf_cottage
D:4:      layout_basic, grunt_temple_overflow_open

Notes
Turn   | Place    | Note
-------+----------+-------------------------------------------
     0 | D:1      | MagusOfTheMoon the Mummy Earth Elementalist began the quest
                  | for the Orb.
     0 | D:1      | Reached XP level 1. HP: 13/13 MP: 4/4
     0 | D:1      | magus.rc [v1.11.3]
   108 | D:1      | Reached skill level 1 in Conjurations
   213 | D:1      | Reached XP level 2. HP: 19/19 MP: 3/5
   425 | D:1      | Reached skill level 3 in Spellcasting
   909 | D:1      | Reached XP level 3. HP: 24/24 MP: 3/7
   970 | D:1      | Learned a level 3 spell: Stone Arrow
  1006 | D:2      | Reached skill level 3 in Earth Magic
  1308 | D:2      | Reached skill level 2 in Conjurations
  1731 | D:3      | Reached XP level 4. HP: 30/30 MP: 5/9
  2034 | D:3      | Noticed Jessica
  2037 | D:3      | Killed Jessica
  2134 | D:3      | Found a stormy altar of Qazlal.
  2510 | D:3      | Noticed Sigmund
  2514 | D:3      | Killed Sigmund
  2515 | D:3      | Reached skill level 4 in Spellcasting
  2515 | D:3      | Reached skill level 3 in Conjurations
  2515 | D:3      | Reached skill level 4 in Earth Magic
  2515 | D:3      | Reached XP level 5. HP: 35/35 MP: 6/11
  2515 | D:3      | Reached XP level 6. HP: 41/41 MP: 6/12
  2633 | D:3      | Found a runed translucent door.
  2634 | D:3      | Noticed Crazy Yiuf
  2886 | D:4      | HP: 5/41 [gnoll/+0 spear[a gnoll bouda] (9)]
  3319 | D:4      | HP: 10/41 [gnoll/+2 spear of freezing[a gnoll bouda] (5)]
  3320 | D:4      | HP: 4/41 [gnoll/+2 spear of freezing[a gnoll bouda] (6)]
  3322 | D:4      | Slain by a gnoll

Vanquished Creatures
  Sigmund (D:3)
  A howler monkey (D:4)
  2 hounds (D:4)
  Jessica (D:3)
  A gnoll (D:1)
  3 adders
  3 dart slugs
  2 ribbon worms
  8 orcs
  6 endoplasms
  2 giant cockroaches
  9 hobgoblins
  2 jackals (D:1)
  A quokka (D:2)
  10 ball pythons
  4 bats
  4 frilled lizards
  5 goblins
  4 kobolds
  8 rats
77 creatures vanquished.

Table legend:
 A = Non-vault XP
 B = Vault XP
 C = Vault XP percentage of total XP
 D = Non-vault monster count
 E = Vault monster count
 F = Vault count percentage of total count
                 A         B        C        D         E       F
            +---------+---------+-------+---------+---------+-------
      Total |     307 |     276 |  47.3 |      64 |      13 |  16.9
            +---------+---------+-------+---------+---------+-------
        D:1 |      42 |       8 |  16.0 |      17 |       6 |  26.1
        D:2 |      35 |       0 |   0.0 |      15 |       0 |   0.0
        D:3 |      40 |     268 |  87.0 |      15 |       7 |  31.8
        D:4 |     190 |       0 |   0.0 |      17 |       0 |   0.0
            +---------+---------+-------+---------+---------+-------

Skill      XL: |  1  2  3  4 |
---------------+-------------+-----
Conjurations   | 1 2 3 |  3.5
Spellcasting   | 3 4 |  4.4
Earth Magic    | 3 4 |  4.3
Dodging        | |  1.5
Stealth        | |  1.5

Action                     |  1- 3 |  4- 6 || total
---------------------------+-------+-------++-------
  Melee: Unarmed           |    17 |       ||    17
         Rapier            |       |     5 ||     5
   Cast: Sandblast         |    64 |    52 ||   116
         Stone Arrow       |       |     3 ||     3
    Use: Scroll            |       |     2 ||     2
 Armour: Robe              |    30 |    29 ||    59
  Dodge: Dodged            |    25 |    21 ||    46

Illustrated notes

Table legend:
 A = Kills in this place as a percentage of kills in the entire game.
 B = Kills by you in this place as a percentage of kills by you in the entire game.
 C = Kills by friends in this place as a percentage of kills by friends in the entire game.
 D = Other kills in this place as a percentage of other kills in the entire game.
 E = Experience gained in this place as a percentage of experience gained in the entire game.
 F = Experience gained in this place divided by the number of levels of this place that you have seen.
                   A       B       C       D       E      F
               +-------+-------+-------+-------+-------+----------------------
         Total | 100.0 | 100.0 |   N/A |   N/A | 100.0 | 145.8
       Dungeon | 100.0 | 100.0 |   N/A |   N/A | 100.0 | 145.8
               +-------+-------+-------+-------+-------+----------------------

Table legend: (Time is in decaauts)
 A = Elapsed time spent in this place.
 B = Non-inter-level travel time spent in this place.
 C = Inter-level travel time spent in this place.
 D = Time resting spent in this place.
 E = Time spent auto-exploring this place.
 F = Levels seen in this place.
 G = Mean time per level.
                   A        B        C        D        E       F      G
               +--------+--------+--------+--------+--------+-----+--------+
         Total |   3384 |   3287 |     97 |    166 |   2669 |   4 |  846.0 |
       Dungeon |   3384 |   3287 |     97 |    166 |   2669 |   4 |  846.0 |
               +--------+--------+--------+--------+--------+-----+--------+

Top non-repeatable levels by time:
     D:3: 1245 daAuts
     D:1: 1002 daAuts
     D:2: 612 daAuts
     D:4: 524 daAuts
